 Dungeon Crawl Stone Soup version 0.18.1-50-g88ac8fd (webtiles) character file.

1209 Gianozzolo the Transmogrifier (level 8, -2/64 HPs)
             Began as a Naga Transmuter on Nov 13, 2017.
             Was a Follower of Cheibriados.
             Slain by a centaur (9 damage)
             ... on level 6 of the Dungeon.
             The game lasted 00:11:47 (4117 turns).

Gianozzolo the Transmogrifier (Naga Transmuter)     Turns: 4117, Time: 00:11:47

Health: -2/64      AC:  4    Str: 14    XL:     8   Next: 45%
Magic:  8/11       EV: 19    Int: 18    God:    Cheibriados [*.....]
Gold:   279        SH:  0    Dex: 19    Spells: 3 memorised, 2 levels left

rFire  . . .     SeeInvis +       - Unarmed
rCold  + . .     Gourm    .     (armour currently unavailable)
rNeg   . . .     Faith    .     (shield currently unavailable)
rPois  x         Spirit   .     (helmet currently unavailable)
rElec  .         Dismiss  .     (cloak currently unavailable)
rCorr  .         Reflect  .     (gloves currently unavailable)
SustAt .         Harm     .     (no barding)
MR     +....                    (no amulet)
Stlth  ++........               p - +2 ring of protection
                                w - ring of protection from cold

@: spider-form, very slow, somewhat resistant to hostile enchantments,
unstealthy
A: see invisible, (deformed body), (poison resistance), (slowness 0), slow
metabolism 1, spit poison 2, AC +2
a: Spit Poison, End Transformation, Bend Time, Renounce Religion


You were on level 6 of the Dungeon.
You worshipped Cheibriados.
Cheibriados was aware of your devotion.
You were hungry.
You were a venomous arachnid creature.
You visited 1 branch of the dungeon, and saw 6 of its levels.

You collected 279 gold pieces.

Inventory:

Armour
 C - the +1 robe of Benevolence (melded) {Dex+3 SInv}
   (You found it on level 5 of the Dungeon)

   It affects your dexterity (+3).
   It lets you see invisible.
 D - a +0 cloak (melded)
Jewellery
 p - a +2 ring of protection (right front leg)
 w - a ring of protection from cold (left front leg)
Wands
 m - a wand of acid (9/15)
Scrolls
 f - a scroll of remove curse
 h - a scroll of recharging
 i - a scroll of random uselessness {unknown}
 j - 4 scrolls of teleportation
 q - a scroll of fear {unknown}
 s - 2 scrolls of noise {unknown}
 u - a scroll of blinking
 v - a scroll of magic mapping {unknown}
 y - 2 scrolls of amnesia {unknown}
 B - 2 scrolls of identify
Potions
 b - a potion of cure mutation {unknown}
 e - a potion of might {unknown}
 g - a potion of haste {unknown}
 n - 2 potions of agility {unknown}
 r - 2 potions of resistance {unknown}
 x - a potion of invisibility {unknown}
 z - a potion of brilliance {unknown}
 A - 2 potions of heal wounds {unknown}
Books
 c - a book of Changes

   Spells                             Type                      Level
   a - Beastly Appendage              Transmutation                1
   b - Sticks to Snakes               Transmutation                2
   c - Spider Form                    Transmutation/Poison         3
   d - Ice Form                       Ice/Transmutation            4
   e - Blade Hands                    Transmutation                5
Comestibles
 a - 3 beef jerkies
 d - 8 bread rations
 k - 3 meat rations
 l - 2 royal jellies
 o - a fruit


   Skills:
 - Level 1.0 Fighting
 - Level 1.5 Dodging
 + Level 6.1 Unarmed Combat
 - Level 2.0 Spellcasting
 * Level 8.3 Transmutations
 - Level 2.0 Poison Magic


You had 2 spell levels left.
You knew the following spells:

 Your Spells              Type           Power        Failure   Level  Hunger
a - Beastly Appendage     Trmt           ####..       4%          1    #......
b - Spider Form           Trmt/Pois      ###.......   24%         3    ###....
c - Blade Hands           Trmt           ####......   41%         5    ######.


Dungeon Overview and Level Annotations

Branches:
Dungeon (6/15)             Temple (0/1) D:5

Altars:
Ashenzari
Cheibriados
Fedhas
Kikubaaqudgha
Pakellas
Trog
Yredelemnul
The Shining One

Annotations:
D:2 exclusion: oklob plant
D:3 Gianozzolo's ghost, amateur NaTm


Innate Abilities, Weirdness & Mutations

You cannot wear boots.
((Your serpentine skin is tough (AC +2).))
You have supernaturally acute eyesight.
((Armour fits poorly on your strangely shaped body.))
((Your system is resistant to poisons.))
((You cover ground very slowly.))
You have a slow metabolism.
You can spit poison.


Message History

The centaur hits you.
* * * LOW HITPOINT WARNING * * *
Drink which item? (? for menu, Esc to quit)
Okay, then.
Unknown command.
Unknown command.
Unknown command.
Casting: Spider Form
Confirm with . or Enter, or press ? or * to list all spells.
You turn into a venomous arachnid creature.
Your +0 cloak melds into your body.
The +1 robe of Benevolence {Dex+3 SInv} melds into your body.
You are feeling hungry.
The centaur misses you.
You barely miss the centaur.
The centaur is severely wounded.
The centaur hits you.
* * * LOW HITPOINT WARNING * * *
The centaur hits you!
You die...

..# .............+ ..#
.######.#....# ..#
#........#+#### ####
.#.###..(.......
...#####.#.##...(.......
...+.... .......(.......
...##..# ..#....(.......
...##..#####....(.####.#
...##....#......s.# .#
................c.......
....##.#.....#....###..#
..........##......# #
......)#..#.......#
.......#...........
....##.#.###...#...
....##.#.# ....#....
######.#.#


You could see a centaur.

Vanquished Creatures
  The ghost of Gianozzolo the Transmogrifier, a novice NaTm of Cheibriados (D:5)
  An orc warrior (D:6)
  A centaur (D:5)
  3 ogres
  2 hounds
  An iguana (D:5)
  2 orc wizards (D:6)
  2 worker ants
  2 hound skeletons
  3 gnolls (D:2)
  5 adders
  An ooze (D:1)
  5 dart slugs
  3 giant geckos
  5 orcs
  4 ball pythons
  A bat zombie (D:5)
  2 giant cockroaches (D:3)
  7 goblins
  6 hobgoblins
  A quokka (D:2)
  7 bats
  12 giant newts
  A jackal skeleton (D:4)
  2 kobolds
  A quokka skeleton (D:4)
  A quokka zombie (D:4)
  9 rats
  A rat zombie (D:5)
92 creatures vanquished.

Notes
Turn   | Place    | Note
--------------------------------------------------------------
     0 | D:1      | Gianozzolo the Naga Transmuter began the quest for the Orb.
     0 | D:1      | Reached XP level 1. HP: 18/18 MP: 3/3
   230 | D:1      | Reached XP level 2. HP: 25/25 MP: 5/5
   452 | D:1      | Reached skill level 3 in Transmutations
   452 | D:1      | Reached XP level 3. HP: 31/31 MP: 6/6
   457 | D:1      | Learned a level 3 spell: Spider Form
   727 | D:2      | Reached skill level 1 in Poison Magic
   732 | D:2      | Reached XP level 4. HP: 30/38 MP: 7/7
   889 | D:2      | Found a snail-covered altar of Cheibriados.
   939 | D:2      | Found a blossoming altar of Fedhas.
   960 | D:2      | Noticed an oklob plant
  1220 | D:2      | Reached skill level 4 in Transmutations
  1768 | D:3      | Noticed Gianozzolo's ghost (amateur NaTm)
  1865 | D:4      | Found a basalt altar of Yredelemnul.
  2004 | D:4      | Reached XP level 5. HP: 40/44 MP: 8/8
  2468 | D:4      | Found a shattered altar of Ashenzari.
  2468 | D:4      | Found a glowing golden altar of the Shining One.
  2607 | D:2      | Became a worshipper of Cheibriados the Contemplative
  3046 | D:5      | Entered Level 5 of the Dungeon
  3046 | D:5      | Found a staircase to the Ecumenical Temple.
  3074 | D:5      | Found a bloodstained altar of Trog.
  3110 | D:5      | Reached skill level 5 in Transmutations
  3110 | D:5      | Reached XP level 6. HP: 45/51 MP: 5/9
  3214 | D:5      | Found an ancient bone altar of Kikubaaqudgha.
  3403 | D:5      | Got a shadowed robe
  3414 | D:5      | Identified the +1 robe of Benevolence {Dex+3 SInv} (You found it on level 5 of the Dungeon)
  3484 | D:5      | Reached skill level 6 in Transmutations
  3484 | D:5      | Reached XP level 7. HP: 28/57 MP: 6/10
  3622 | D:5      | Reached * piety under Cheibriados
  3644 | D:5      | Noticed Gianozzolo's ghost (novice NaTm)
  3679 | D:4      | Learned a level 5 spell: Blade Hands
  3840 | D:5      | Killed Gianozzolo's ghost
  3840 | D:5      | Reached skill level 5 in Unarmed Combat
  3840 | D:5      | Reached skill level 7 in Transmutations
  3840 | D:5      | Reached XP level 8. HP: 64/64 MP: 11/11
  3929 | D:6      | Found a bloodstained altar of Trog.
  3967 | D:6      | Found an oddly glowing altar of Pakellas.
  3996 | D:6      | Reached skill level 8 in Transmutations
  4117 | D:6      | Slain by a centaur

Skill      XL: |  1  2  3  4  5  6  7  8 |
---------------+-------------------------+-----
Transmutations | 3 4 5 6 7 8 |  8.3
Poison Magic   | 1 2 |  2.0
Unarmed Combat | 4 5 6 |  6.1
Fighting       | |  1.0
Dodging        | |  1.5
Spellcasting   | |  2.0

Action                   |  1- 3 |  4- 6 |  7- 9 || total
-------------------------+-------+-------+-------++-------
Melee: Unarmed           |    57 |   179 |    62 ||   298
       Headbutt          |     1 |     3 |       ||     4
       Punch             |       |     2 |       ||     2
 Cast: Beastly Appendage |     8 |     9 |       ||    17
       Spider Form       |     2 |     8 |     4 ||    14
 Abil: Spit Poison       |     8 |     7 |     3 ||    18
  Use: Scroll            |       |     7 |       ||     7
       Potion            |       |       |     1 ||     1
 Stab: Sleeping          |     2 |       |       ||     2
  Eat: Chunk             |       |     9 |     3 ||    12
Armor: Robe              |    19 |    40 |     8 ||    67
       Skin              |     2 |     4 |    17 ||    23
Dodge: Dodged            |    51 |   110 |    37 ||   198
